 Dungeon Crawl Stone Soup version 0.19-a0-791-g6e182cc (webtiles) character file.

416 qqqbard the Cruncher (level 6, -2/52 HPs)
             Began as a Minotaur Gladiator on June 26, 2016.
             Slain by Prince Ribbit (15 damage)
             ... on level 5 of the Dungeon.
             The game lasted 00:05:43 (2776 turns).

qqqbard the Cruncher (Minotaur Gladiator)           Turns: 2776, Time: 00:05:43

Health: -2/52      AC:  8    Str: 22    XL:     6   Next: 60%
Magic:  5/5        EV: 13    Int:  5    God:
Gold:   311        SH:  0    Dex: 13    Spells: 0 memorised, 5 levels left

rFire  . . .     SeeInvis .     s - +1 halberd (chop)
rCold  . . .     Gourm    .     b - +0 leather armour
rNeg   . . .     Faith    .     (shield currently unavailable)
rPois  .         Spirit   .     c - +0 hat
rElec  .         Dismiss  .     y - +1 cloak
rCorr  .         Reflect  .     p - +2 pair of gloves {Str+3}
SustAt .         Harm     .     (no boots)
MR     .....                    (no amulet)
Stlth  +.........               (no ring)
                                (no ring)

@: not resistant to hostile enchantments, very unstealthy
A: retaliatory headbutt, horns 2
a: no special abilities


You were on level 5 of the Dungeon.
You were not hungry.

You visited 1 branch of the dungeon, and saw 5 of its levels.

You collected 311 gold pieces.

Inventory:

Hand Weapons
 a - a +0 quarterstaff
 s - a +1 halberd of chopping (weapon)
Missiles
 d - 4 throwing nets (quivered)
Armour
 b - a +0 leather armour (worn)
 c - a +0 hat (worn)
 p - a +2 pair of gloves of strength (worn)
 y - a +1 cloak (worn)
Jewellery
 g - a +4 ring of strength {unknown}
 l - an uncursed ring of protection from cold {unknown}
 v - an uncursed ring of fire {unknown}
 x - an uncursed ring of protection from fire {unknown}
Wands
 w - a wand of flame (11/48)
 z - a wand of random effects (22/48)
Scrolls
 j - 2 scrolls of identify {unknown}
 k - 3 scrolls of blinking
 m - 2 scrolls of fog {unknown}
 n - a scroll of amnesia
 o - a scroll of random uselessness {unknown}
 q - 2 scrolls of teleportation {unknown}
 t - 3 scrolls of enchant weapon {unknown}
 C - a scroll of immolation {unknown}
 E - a scroll of remove curse {unknown}
Potions
 e - a potion of degeneration {unknown}
 h - a potion of heal wounds {unknown}
 r - a potion of curing {unknown}
 u - a potion of haste {unknown}
 A - a potion of lignification {unknown}
 B - a potion of berserk rage {unknown}
 F - a potion of beneficial mutation {unknown}
Comestibles
 f - 2 bread rations
 i - 3 meat rations
 D - 3 beef jerkies
 G - a royal jelly
 H - 3 fruits


   Skills:
 + Level 3.9 Fighting
 * Level 8.0 Staves
 - Level 2.0 Throwing
 + Level 2.3 Armour
 - Level 3.2 Dodging


You had 5 spell levels left.
You didn't know any spells.

Dungeon Overview and Level Annotations

Branches:
Dungeon (5/15)
 Temple: D:4-7

Altars:
Zin

Shops:
D:4 *

Annotations:
D:5 Prince Ribbit


Innate Abilities, Weirdness & Mutations

You reflexively headbutt those who attack you in melee.
You have a pair of horns on your head.


Message History

Prince Ribbit is heavily wounded.
Prince Ribbit closely misses you. Prince Ribbit hits you!!
You miss Prince Ribbit. You headbutt Prince Ribbit.
Prince Ribbit is heavily wounded.
Prince Ribbit hits you.
You barely miss Prince Ribbit. Your headbutt misses Prince Ribbit.
Prince Ribbit is heavily wounded.
Prince Ribbit barely misses you. Prince Ribbit hits you!
* * * LOW HITPOINT WARNING * * *
You are too injured to fight recklessly!
You are too injured to fight recklessly!
You are too injured to fight recklessly!
You closely miss Prince Ribbit.
Prince Ribbit is heavily wounded.
Prince Ribbit closely misses you. Prince Ribbit misses you.
You furiously retaliate!
You headbutt Prince Ribbit! You miss Prince Ribbit.
Your headbutt misses Prince Ribbit.
Prince Ribbit is severely wounded.
Prince Ribbit blinks!
Prince Ribbit hits you!
You die...

####.###....<.[##
..... #.......#
.... #......##
... #..>...# .#
###.##.# # #.##.#
#.##.# ##ยง##.#
#.@%#..
........F.......
...####.....##+#
# #..#### ####


You could see Prince Ribbit.

Vanquished Creatures
  An ogre (D:4)
  An orc wizard (D:3)
  3 hounds
  2 worker ants (D:4)
  Robin (D:3)
  3 gnolls (D:2)
  4 adders (D:2)
  2 worms (D:2)
  2 dart slugs (D:2)
  2 giant geckos
  10 orcs
  4 bats
  5 giant cockroaches
  13 goblins
  8 hobgoblins
  4 kobolds
  5 quokkas
  2 giant newts (D:3)
  5 rats
77 creatures vanquished.

Notes
Turn   | Place    | Note
--------------------------------------------------------------
     0 | D:1      | qqqbard the Minotaur Gladiator began the quest for the Orb.
     0 | D:1      | Reached XP level 1. HP: 18/18 MP: 0/0
    46 | D:1      | Reached skill level 4 in Staves
    62 | D:1      | Reached XP level 2. HP: 19/25 MP: 1/1
   707 | D:2      | Reached skill level 5 in Staves
   707 | D:2      | Reached XP level 3. HP: 30/30 MP: 2/2
   948 | D:2      | Reached XP level 4. HP: 21/37 MP: 3/3
  1106 | D:2      | Reached skill level 6 in Staves
  1549 | D:3      | Reached skill level 7 in Staves
  1549 | D:3      | Reached XP level 5. HP: 40/42 MP: 4/4
  1762 | D:3      | Noticed Robin
  1792 | D:3      | HP: 2/42 [something (6)]
  2082 | D:3      | Killed Robin
  2258 | D:3      | Found a glowing silver altar of Zin.
  2331 | D:4      | Reached skill level 1 in Armour
  2335 | D:4      | Noticed an ogre
  2339 | D:4      | Killed an ogre
  2339 | D:4      | Reached XP level 6. HP: 51/51 MP: 5/5
  2374 | D:4      | Found Evvisepu's General Store.
  2734 | D:5      | Entered Level 5 of the Dungeon
  2737 | D:5      | Reached skill level 8 in Staves
  2761 | D:5      | Noticed Prince Ribbit
  2776 | D:5      | Slain by Prince Ribbit

Vault maps used:
D:1:      evilmike_arrival_plus, minmay_misc_feat_iff
D:2:      minmay_misc_feat_chi
D:3:      zin_statuary, uniq_robin
D:4:      serial_shops, shop
D:5:      corexii_shantytown, lightli_sewer_entry_pipes, first_bread,
          minmay_stone_trees_small, uniq_prince_ribbit1, uniq_grinder

Skill      XL: |  1  2  3  4  5  6 |
---------------+-------------------+-----
Staves         | 4 5 7 8 |  8.0
Armour         | 1 2 |  2.3
Fighting       | 3 |  3.9
Throwing       | |  2.0
Dodging        | |  3.2

Action                   |  1- 3 |  4- 6 || total
-------------------------+-------+-------++-------
Melee: Quarterstaff      |    60 |    10 ||    70
       Headbutt          |     6 |    19 ||    25
       Halberd           |       |    99 ||    99
  Use: Scroll            |       |     2 ||     2
  Eat: Chunk             |       |     6 ||     6
Armor: Leather armour    |    15 |    30 ||    45
Dodge: Dodged            |    36 |    77 ||   113
